 Dungeon Crawl Stone Soup version 0.19-a0-1127-gac58878 (webtiles) character file.

188 Ijustatesigmund the Cudgeler (level 5, -2/42 HPs)
             Began as a Demonspawn Fighter on Aug 12, 2016.
             Slain by an ogre
             ... wielding a +0 giant spiked club
              (19 damage)
             ... on level 4 of the Dungeon.
             The game lasted 00:05:42 (2810 turns).

Ijustatesigmund the Cudgeler (Demonspawn Fighter)   Turns: 2810, Time: 00:05:43

Health: -2/42      AC:  7    Str: 16    XL:     5   Next: 39%
Magic:  5/5        EV:  9    Int: 10    God:
Gold:   183        SH:  9    Dex: 13    Spells: 0 memorised, 4 levels left

rFire  . . .     SeeInvis .     m - +1 morningstar
rCold  + . .     Gourm    .     b - +0 scale mail
rNeg   . . .     Faith    .     c - +1 shield
rPois  .         Spirit   .     h - +0 helmet
rElec  .         Dismiss  .     (no cloak)
rCorr  .         Reflect  .     (no gloves)
SustAt .         Harm     .     (no boots)
MR     .....                    (no amulet)
Stlth  ..........               (no ring)
                                (no ring)

@:
A: claws 1, repulsion field 1, cold resistance 1
a: no special abilities


You were on level 4 of the Dungeon.
You were not hungry.

You visited 1 branch of the dungeon, and saw 4 of its levels.

You collected 183 gold pieces.

Inventory:

Hand Weapons
 m - a +1 morningstar (weapon)
Armour
 b - a +0 scale mail (worn)
 c - a +1 shield (worn)
 h - a +0 helmet (worn)
Scrolls
 l - a scroll of teleportation {unknown}
Potions
 e - a potion of cure mutation {unknown}
 g - a potion of cancellation {unknown}
 i - a potion of resistance
 j - a potion of magic
 k - a potion of berserk rage {unknown}
 n - a potion of mutation {unknown}
Comestibles
 a - 2 beef jerkies
 f - 3 bread rations
 o - a meat ration


   Skills:
 + Level 4.1 Fighting
 * Level 4.2 Maces & Flails
 - Level 2.6 Armour
 - Level 1.0 Dodging
 - Level 2.6 Shields


You had 4 spell levels left.
You didn't know any spells.

Dungeon Overview and Level Annotations

Branches:
Dungeon (4/15)
 Temple: D:4-7

Altars:


Innate Abilities, Weirdness & Mutations

You have sharp fingernails.
You are surrounded by a mild repulsion field. (EV +2)
Your flesh is cold resistant. (rC+)


Message History

The adder closely misses you. The hound misses you.
You block the adder's attack.
The phantom blinks!
You block the ogre's attack. The hound bites you but does no damage.
You thump the ogre!
The ogre is heavily wounded.
You block the adder's attack. The hound barely misses you.
The ogre hits you with a giant spiked club!
The adder barely misses you. The hound bites you but does no damage.
All of the chunks of flesh in your inventory have rotted away.
You hit the ogre but do no damage.
The ogre is heavily wounded.
The hound bites you but does no damage. The adder closely misses you.
The phantom blinks!
The hound bites you. The ogre barely misses you. The adder closely misses you.
You hit the ogre.
The ogre is heavily wounded.
You block the hound's attack. The adder bites you.
You block the hound's attack.
The ogre hits you with a giant spiked club!!
You die...

## #.#. .. ... ### # #.
#h.# #.. (.##.. ..# #.#
....?.# ..###########.#
..##..W##..............#
#.....O@h#.## #.?.#
####..S#....# #.#.#
##.##....# #.#.# #.
#....########.#.# #
#(...............
#.###########.#.#
#.###########.#.#
#.............#.#
###############.#


You could see a phantom, an ogre, a hound and an adder.

Vanquished Creatures
  An orc priest (D:3)
  An orc wizard (D:3)
  Robin (D:1)
  4 adders
  An ooze (D:1)
  2 worms (D:3)
  2 dart slugs
  4 giant geckos
  6 orcs (D:3)
  2 bats
  2 giant cockroaches (D:3)
  17 goblins
  5 hobgoblins
  A quokka (D:3)
  4 giant newts
  4 kobolds
  3 rats
60 creatures vanquished.

Notes
Turn   | Place    | Note
-------+----------+-------------------------------------------
     0 | D:1      | Ijustatesigmund the Demonspawn Fighter began the quest for the Orb.
     0 | D:1      | Reached XP level 1. HP: 18/18 MP: 1/1
   213 | D:1      | Gained mutation: Your flesh is cold resistant. (rC+) [demonic ancestry]
   213 | D:1      | Reached XP level 2. HP: 20/24 MP: 2/2
   470 | D:2      | Noticed Robin
   709 | D:1      | Killed Robin
   709 | D:1      | Gained mutation: You are surrounded by a mild repulsion field. (EV +2) [demonic ancestry]
   709 | D:1      | Reached XP level 3. HP: 29/29 MP: 3/3
  1358 | D:2      | Gained mutation: You have sharp fingernails. [demonic ancestry]
  1358 | D:2      | Reached XP level 4. HP: 33/37 MP: 4/4
  2270 | D:3      | Reached XP level 5. HP: 14/42 MP: 5/5
  2277 | D:3      | Reached skill level 1 in Dodging
  2800 | D:4      | Noticed a phantom
  2803 | D:4      | Noticed an ogre
  2810 | D:4      | Slain by an ogre

Vault maps used:
D:1:      onia_arrival_mini_spirals, serial_bayou_lake_a
D:2:      uniq_robin
D:3:      first_bread
D:4:      grunt_ministairs_9

Skill      XL: |  1  2  3  4  5 |
---------------+----------------+-----
Maces & Flails | 2 3 4 |  4.2
Fighting       | 4 |  4.1
Dodging        | 1 |  1.0
Armour         | |  2.6
Shields        | |  2.6

Action                   |  1- 3 |  4- 6 || total
-------------------------+-------+-------++-------
Melee: Flail             |   113 |     3 ||   116
       Morningstar       |       |    80 ||    80
  Use: Scroll            |       |     8 ||     8
       Potion            |       |     1 ||     1
  Eat: Chunk             |       |     6 ||     6
Armor: Scale mail        |    70 |    24 ||    94
Dodge: Dodged            |    38 |    32 ||    70
Block: Shield            |    63 |    35 ||    98
